 Dungeon Crawl Stone Soup version 0.19-a0-45-g2c295ea (webtiles) character file.

530 namelastname112 the Digger (level 7, 50/50 HPs)
             Began as a White Draconian Earth Elementalist on May 5, 2016.
             Quit the game on level 5 of the Dungeon.
             The game lasted 00:05:24 (4771 turns).

namelastname112 the Digger (DrEE)                   Turns: 4771, Time: 00:05:25

Health: 50/50      AC:  9    Str: 10    XL:     7   Next: 3%
Magic:  12/12      EV: 12    Int: 18    God:
Gold:   266        SH:  0    Dex: 11    Spells: 2 memorised, 9 levels left

rFire  . . .     SeeInvis .     a - 274 stones
rCold  + . .     Gourm    .     (armour unavailable)
rNeg   . . .     Faith    .     (no shield)
rPois  .         Spirit   .     (helmet restricted)
rElec  .         Dismiss  .     v - +0 cloak
rCorr  .         Reflect  .     o - +0 pair of gloves
SustAt .         Harm     .     q - +0 pair of boots
MR     .....                    (no amulet)
Stlth  ++........               (no ring)
                                (no ring)

@: not resistant to hostile enchantments, unstealthy
A: breathe frost, unfitting armour, cold resistance 1, cold-blooded, AC +6
a: Breathe Frost


You were on level 5 of the Dungeon.
You were not hungry.

You visited 1 branch of the dungeon, and saw 5 of its levels.

You collected 266 gold pieces.

Inventory:

Hand Weapons
 u - a +1 dagger of venom
Missiles
 a - 274 stones (in hand)
Armour
 n - a +0 buckler
 o - a +0 pair of gloves (worn)
 q - a +0 pair of boots (worn)
 v - a +0 cloak (worn)
Wands
 y - a wand of random effects (29/48)
Scrolls
 d - a scroll of teleportation {unknown}
 i - a scroll of blinking {unknown}
 l - 3 scrolls of identify {unknown}
 p - a scroll of fog {unknown}
 r - a scroll of magic mapping {unknown}
 t - 2 scrolls of fear {unknown}
 A - a scroll of recharging {unknown}
 B - a scroll of noise {unknown}
Potions
 e - a potion of cure mutation {unknown}
 f - a potion of haste {unknown}
 g - a potion of resistance {unknown}
 j - a potion of brilliance {unknown}
 m - a potion of curing {unknown}
 s - a potion of degeneration {unknown}
 w - 3 potions of might {unknown}
 x - a potion of lignification {unknown}
 z - a potion of flight {unknown}
Books
 b - a book of Geomancy

   Spells                             Type                      Level
   a - Sandblast                      Earth                        1
   b - Passwall                       Transmutation/Earth          2
   c - Stone Arrow                    Conjuration/Earth            3
   d - Petrify                        Transmutation/Earth          4
   e - Lee's Rapid Deconstruction     Earth                        5
Comestibles
 c - 4 bread rations
 h - 2 beef jerkies
 k - 2 meat rations
 C - 5 fruits
 D - a chunk of flesh


   Skills:
 - Level 1.7 Dodging
 - Level 1.7 Stealth
 + Level 3.8 Spellcasting
 + Level 2.8 Conjurations
   Level 1.0 Transmutations
 * Level 6.4 Earth Magic


You had 9 spell levels left.
You knew the following spells:

 Your Spells              Type           Power        Failure   Level  Hunger
x - Stone Arrow           Conj/Erth      ###...       10%         3    ###....
z - Sandblast             Erth           ####..       1%          1    None


Dungeon Overview and Level Annotations

Branches:
Dungeon (5/15)
 Temple: D:4-7

Altars:
Ashenzari
Elyvilon
Fedhas
Gozag
Kikubaaqudgha
Xom


Innate Abilities, Weirdness & Mutations

You can breathe waves of freezing cold.
You can buffet flying creatures when you breathe cold.
Your icy white scales are hard (AC +6).
Your body does not fit into most forms of armour.
Your flesh is cold resistant.
You are cold-blooded and may be slowed by cold attacks.


Message History

You now have 7/11 mp.
Casting: Sandblast
Confirm with . or Enter, or press ? or * to list all spells.
Aiming: Sandblast
Press: ? - help, Shift-Dir - straight line, f/p - M4edhros's ghost
Aim: M4edhros's ghost (almost destroyed)
The rocky blast hits M4edhros's ghost.
You destroy M4edhros's ghost!
You have reached level 7!
Your scales start taking on an icy white colour.
You learn Fire Magic much slower.
You learn Ice Magic much quicker.
You can breathe waves of freezing cold.
You can buffet flying creatures when you breathe cold.
You feel resistant to cold.
Health restored: 50 You now have 6/12 mp.
You start resting.
Magic restored.
MP restored: 12 Are you sure you want to abandon this character and quit the game? (Confirm with "yes".)

## #. #.# #. ##..###
##..## #..... ... ...
#...# #.##. #.# ##...#
####..#...#..####<...#
##....#...#.....@....#
##..###....###.##...##
#...⌠.##+##.⌠...##.##
...#.........#.....#
.##.#.......####...#
....#.......#...#......#
#...+..._...'...+.).......
#...#.......#...#..#######
#####.........###..#


There were no monsters in sight!

Vanquished Creatures
  The ghost of M4edhros the Insei, an amateur OpNe (D:5)
  An orc priest (D:4)
  3 hounds (D:4)
  2 iguanas
  Ijyb (D:2)
  3 worker ants
  3 adders
  A shadow imp (D:5)
  2 worms
  4 dart slugs
  5 giant geckos
  9 orcs
  8 bats
  3 giant cockroaches
  16 goblins
  7 hobgoblins
  11 jackals
  4 quokkas
  A giant gecko skeleton (D:3)
  3 giant newts
  6 kobolds
  5 rats
99 creatures vanquished.

Notes
Turn   | Place    | Note
--------------------------------------------------------------
     0 | D:1      | namelastname112 the Draconian Earth Elementalist began the quest for the Orb.
     0 | D:1      | Reached XP level 1. HP: 14/14 MP: 3/3
   190 | D:1      | Reached XP level 2. HP: 16/20 MP: 5/5
   862 | D:2      | Reached skill level 4 in Earth Magic
   862 | D:2      | Reached XP level 3. HP: 8/26 MP: 4/6
  1044 | D:2      | Learned a level 3 spell: Stone Arrow
  1283 | D:2      | Found an opulent altar of Gozag.
  1439 | D:2      | Noticed Ijyb
  1472 | D:2      | Killed Ijyb
  1472 | D:2      | Reached XP level 4. HP: 27/33 MP: 7/7
  1634 | D:2      | Reached skill level 1 in Conjurations
  2416 | D:3      | Found a blossoming altar of Fedhas.
  2419 | D:3      | Found an ancient bone altar of Kikubaaqudgha.
  2631 | D:3      | Reached skill level 5 in Earth Magic
  2832 | D:3      | Reached XP level 5. HP: 32/38 MP: 9/9
  3041 | D:4      | Found a shimmering altar of Xom.
  3634 | D:4      | Reached XP level 6. HP: 38/45 MP: 10/10
  4054 | D:4      | Found a white marble altar of Elyvilon.
  4342 | D:5      | Entered Level 5 of the Dungeon
  4351 | D:5      | Reached skill level 6 in Earth Magic
  4358 | D:5      | Found a shattered altar of Ashenzari.
  4424 | D:5      | Found an opulent altar of Gozag.
  4428 | D:5      | Noticed M4edhros's ghost (amateur OpNe)
  4728 | D:5      | Killed M4edhros's ghost
  4728 | D:5      | Your scales start taking on an icy white colour.
  4728 | D:5      | Reached XP level 7. HP: 50/50 MP: 6/12
  4728 | D:5      | Gained mutation: Your flesh is cold resistant. [White Draconian growth]
  4771 | D:5      | Quit the game

Vault maps used:
D:1:      ncdulo_watergridlock
D:2:      kennysheep_the_goblin_king, grunt_gozag_statues
D:3:      grunt_temple_overflow_growth_and_decay
D:4:      xom_butterflies, kennysheep_little_box
D:5:      nicolae_overflow_hidden_temple, first_bread, basic_altar,
          grunt_ministairs_8, evilmike_ruin_ashenzari, uniq_eustachio,
          uniq_edmund

Skill      XL: |  1  2  3  4  5  6 |
---------------+-------------------+-----
Earth Magic    | 4 5 6 |  6.4
Conjurations   | 1 2 |  2.8
Spellcasting   | 3 |  3.8
Dodging        | |  1.7
Stealth        | |  1.7
Transmutations | |  1.0

Action                   |  1- 3 |  4- 6 |  7- 9 || total
-------------------------+-------+-------+-------++-------
Melee: Spear             |   138 |     7 |       ||   145
       Tailslap          |    10 |    32 |       ||    42
       Unarmed           |     1 |       |       ||     1
       Dagger            |       |   202 |       ||   202
 Cast: Sandblast         |    18 |    15 |     1 ||    34
       Stone Arrow       |       |     7 |       ||     7
 Stab: Sleeping          |     7 |     4 |       ||    11
  Eat: Chunk             |     2 |    10 |       ||    12
       Meat ration       |       |     1 |       ||     1
Armor: Skin              |    42 |    74 |       ||   116
Dodge: Dodged            |    67 |   142 |       ||   209
